 Dungeon Crawl Stone Soup version 0.31-a0-369-g8eba5f6939 (webtiles) character file.

Game seed: 9942631052272508130

2242 floatRand the Grappler (level 9, -1/96 HPs)
             Began as a Yellow Draconian Shapeshifter on July 28, 2023.
             Was an Initiate of Ru.
             Slain by an orc knight
             ... wielding a +0 glaive
              (15 damage)
             ... in a bailey.
             The game lasted 00:08:33 (6858 turns).

floatRand the Grappler (DrSh)                       Turns: 6858, Time: 00:08:34

Health: -1/96      AC: 24    Str: 22    XL:     9   Next: 14%
Magic:  9/9        EV:  2    Int:  9    God:    Ru [......]
Gold:   470        SH:  0    Dex: 11    Spells: 8/8 levels left

rFire   . .          .
                       - Unarmed
rCold   . . .        (no shield)
rNeg    . . .        (body armour unavailable)
rPois   +            (helmet currently unavailable)
rElec   .            (cloak currently unavailable)
rCorr   .            (gloves currently unavailable)
SInv    .            (boots currently unavailable)
Will    +....        (no amulet)
Stlth   +            n - ring of willpower
HPRegen 0.36/turn    (no ring)
MPRegen 0.11/turn

%: no passive effects
@: mighty, short of breath, tree-form
A: stationary, stasis, torment immunity, boosted hp, (spit acid), AC +7,
unfitting armour, (cold-blooded), (acid resistance)
a: Renounce Religion


You were in a bailey.
You worshipped Ru.
Ru was noncommittal.
You were a tree.
You visited 1 branch of the dungeon, and saw 7 of its levels.
You also visited: Sewer and Bailey.

You collected 470 gold pieces.

Inventory:

Armour
 o - a +1 buckler
Jewellery
 n - a ring of willpower (left branch)
Talismans
 b - a beast talisman
Wands
 s - a wand of digging (7)
 t - a wand of paralysis (10)
Scrolls
 d - a scroll of identify
 e - a scroll of enchant weapon {unknown}
 f - 2 scrolls of fog
 k - a scroll of fear
 q - a scroll of teleportation
 u - a scroll of enchant armour
 y - 3 scrolls of amnesia
Potions
 a - 2 potions of lignification
 c - 4 potions of might
 i - 4 potions of curing
 l - a potion of ambrosia
 p - a potion of enlightenment {unknown}
 v - a potion of resistance {unknown}
 w - 2 potions of cancellation {unknown}
 x - a potion of attraction {unknown}
 z - a potion of mutation {unknown}


   Skills:
 - Level 1.1 Fighting
 - Level 1.7 Dodging
 * Level 10.4 Unarmed Combat
 + Level 6.6 Shapeshifting


You had 8 spell levels left.
You didn't know any spells.
Your spell library contained the following spells:

 Spells                   Type           Power      Damage    Failure   Level
 Freeze                   Ice            0%         1d3       38%         1
 Magic Dart               Conj           0%         1d3       38%         1
 Call Imp                 Summ           0%         N/A       52%         2
 Call Canine Familiar     Summ           0%         N/A       77%         3
 Frozen Ramparts          Ice            0%         1d1       77%         3
 Hailstorm                Conj/Ice       0%         3d3       77%         3
 Mephitic Cloud           Conj/Pois/Air  0%         N/A       77%         3
 Portal Projectile        Hex/Tloc       0%         N/A       77%         3
 Leda's Liquefaction      Hex/Erth       0%         N/A       99%         4
 Malign Gateway           Summ/Tloc      0%         N/A       100%        7
 Summon Horrible Things   Summ           0%         N/A       100%        8


Dungeon Overview and Level Annotations

Branches:
Dungeon (7/15)              Sewer (visited)          Bailey (1/1)
 Temple: D:4-7

Altars:
Dithmenos
Gozag
Kikubaaqudgha
Makhleb
Ru
Uskayaw

Annotations:
D:7 Maggie Bailey 2 runed translucent doors


Innate Abilities, Weirdness & Mutations

You are a tree.
Your roots penetrate the ground, keeping you stationary.
You cannot be teleported.
You are immune to unholy pain and torment.
Your maximum health is greatly increased.
Your equipment is partially melded.
((You can spit globs of acid.))
((Your golden yellow scales are hard. (AC +7)))
You cannot fit into any form of body armour.
((You are cold-blooded and may be slowed by cold attacks.))
((You are resistant to acid. (rCorr)))


Message History

You close the large door, pushing everything out of the way.
Things that are here:
a +0 halberd; a +0 plate armour The orc warrior shouts!
Press: ? - help, Shift-Dir - straight line, f/p - orc warrior
Aim: an orc warrior, wielding a +0 trident and wearing a +0 chain mail (severely wounded, 60% to hit)
Out of range.
Okay, then.
Press: ? - help, Shift-Dir - straight line, f/p - orc warrior
Aim: an orc warrior, wielding a +0 trident and wearing a +0 chain mail (severely wounded, 60% to hit)
You spit a glob of acid.
The glob of acid hits the orc warrior!
The acid corrodes the orc warrior!
The acid splashes onto the orc!
The orc is splashed with acid.
The acid corrodes the orc!
You kill the orc!
You kill the orc warrior!
Something unseen breaks down the large door.
Things that are here:
a +0 trident; a +0 chain mail You start resting.
An orc knight is nearby!
You feel very mighty all of a sudden.
You feel much better. The orc knight completely misses you.
The orc knight hits you with a +0 glaive!
Really quaff the potion of lignification?
Your transformation has ended.
You turn into a tree.
Your roots penetrate the ground.
The orc knight hits you with a +0 glaive!!
* * * LOW HITPOINT WARNING * * *
Unknown command.
You barely miss the orc knight.
The orc knight hits you but does no damage.
You closely miss the orc knight. You hit the orc knight.
The orc knight is lightly wounded.
The orc knight hits you with a +0 glaive!
* * * LOW HITPOINT WARNING * * *
You smack the orc knight!
The orc knight is moderately wounded.
The orc knight hits you with a +0 glaive!
You die...

♣♣♣♣♣♣♣♣ ♣♣......♣♣
♣........♣
#♣..∩..∩..♣#
#....♣.....#
##....o.....##
###......).....#
♣♣............♣.#
#♣..♣.♣.......♣♣.##
#≈≈.......)........
#≈≈≈....#)...#......
#≈≈≈≈≈≈≈#....#≈≈≈≈..
#≈≈≈≈≈≈≈#)...#≈≈≈≈≈≈


You could see an orc knight.

Vanquished Creatures
  Sigmund (D:2)
  A wyvern (D:6)
  Duvessa (D:6)
  5 orc warriors (Bailey)
  2 ogres (D:4)
  2 phantoms
  Blork the orc (D:6)
  2 bullfrogs
  3 scorpions
  A gnoll sergeant (D:5)
  Dowan (D:6)
  2 hounds (D:5)
  An orc priest (D:4)
  Terence (D:2)
  An iguana (D:6)
  3 orc wizards (D:4)
  8 gnolls
  3 river rats (D:5)
  11 adders
  2 ufetubi
  2 worms (D:2)
  4 dart slugs
  22 orcs
  6 endoplasms
  A giant cockroach (D:3)
  8 hobgoblins
  6 jackals
  8 kobolds
  4 quokkas
  9 ball pythons
  5 bats
  9 frilled lizards
  18 goblins
  6 rats
160 creatures vanquished.

Notes
Turn   | Place    | Note
-------+----------+-------------------------------------------
     0 | D:1      | floatRand the Draconian Shapeshifter began the quest for
                  | the Orb.
     0 | D:1      | Reached XP level 1. HP: 16/16 MP: 1/1
   213 | D:1      | Reached XP level 2. HP: 19/23 MP: 2/2
   779 | D:2      | Noticed Terence
   863 | D:2      | Reached XP level 3. HP: 11/28 MP: 3/3
  1021 | D:2      | Noticed Sigmund
  1042 | D:2      | Killed Sigmund
  1043 | D:2      | Reached skill level 5 in Unarmed Combat
  1043 | D:2      | Reached XP level 4. HP: 35/35 MP: 4/4
  1043 | D:2      | Reached XP level 5. HP: 40/40 MP: 5/5
  1294 | D:2      | Killed Terence
  1842 | D:3      | Found a hide-covered altar of Uskayaw.
  1844 | D:3      | Found a burning altar of Makhleb.
  2187 | D:3      | Reached skill level 6 in Unarmed Combat
  2187 | D:3      | Reached XP level 6. HP: 39/47 MP: 6/6
  2937 | D:4      | Found an opulent altar of Gozag.
  3076 | D:4      | Your scales start taking on a golden yellow colour.
  3076 | D:4      | Reached XP level 7. HP: 35/52 MP: 7/7
  3076 | D:4      | Gained mutation: You are resistant to acid. (rCorr) [Yellow
                  | Draconian growth]
  3219 | D:4      | Reached skill level 7 in Unarmed Combat
  3374 | D:4      | Reached skill level 5 in Shapeshifting
  3735 | D:5      | Entered Level 5 of the Dungeon
  4008 | D:5      | Reached skill level 8 in Unarmed Combat
  4246 | D:5      | Reached XP level 8. HP: 56/59 MP: 8/8
  4268 | D:5      | Found a glowing drain.
  4282 | Sewer    | Entered a sewer
  5110 | D:5      | Found a shadowy altar of Dithmenos.
  5480 | D:6      | Noticed Duvessa
  5489 | D:6      | Killed Duvessa
  5497 | D:6      | Noticed Dowan
  5506 | D:6      | Killed Dowan
  5567 | D:6      | Reached skill level 9 in Unarmed Combat
  5627 | D:6      | Found a sacrificial altar of Ru.
  5646 | D:6      | Found an ancient bone altar of Kikubaaqudgha.
  5847 | D:6      | Noticed Blork the orc
  5852 | D:6      | Killed Blork the orc
  6190 | D:6      | Became a worshipper of Ru the Awakened
  6216 | D:7      | Noticed Maggie
  6539 | D:7      | Found a flagged portal.
  6551 | Bailey   | Entered a bailey
  6585 | Bailey   | Reached skill level 10 in Unarmed Combat
  6730 | Bailey   | Noticed an orc knight
  6761 | Bailey   | HP: 1/59 [orc/+0 trident (7)]
  6781 | Bailey   | Reached XP level 9. HP: 38/64 MP: 9/9
  6792 | Bailey   | HP: 3/64 [orc warrior/+0 trident (8)]
  6800 | Bailey   | Found a large runed translucent door.
  6800 | Bailey   | Found a large runed translucent door.
  6801 | Bailey   | Noticed a deep elf pyromancer
  6858 | Bailey   | Slain by an orc knight

Illustrated notes

Levels and vault maps discovered:
D:1:      dpeg_arrival_rooms_c, layout_loops_ring
D:2:      layout_basic, uniq_sigmund, uniq_terence
D:3:      layout_basic, jmf_multi_god_temple, minmay_goblin_outpost
D:4:      layout_gridville, mainiacjoe_overflow_surrounded_room,
          chequers_serial_rivers_marsh, serial_park_tiny_1,
          kennysheep_small_square
D:5:      layout_basic, mainiacjoe_overflow_alcove_1, gup_sewer_entry_bubbles,
          grunt_decor_mini_mirrors
D:6:      layout_basic, mainiacjoe_overflow_large_starburst, uniq_duvessa,
          uniq_blork_the_orc
D:7:      layout_basic, mainiacjoe_overflow_tiny_flanked,
          minmay_temple_entry_offerings, serial_shops, shop, enter_bailey_3,
          gammafunk_ghost_abyssal_escape, uniq_maggie
Bailey:   bailey_polearm_elven_captive_hellmonk, bailey

Skill      XL: |  1  2  3  4  5  6  7  8 |
---------------+-------------------------+-----
Unarmed Combat | 5 6 8 10 | 10.4
Shapeshifting  | 4 5 6 |  6.6
Fighting       | |  1.1
Dodging        | |  1.7

Action                     |  1- 3 |  4- 6 |  7- 9 || total
---------------------------+-------+-------+-------++-------
  Melee: Unarmed           |    82 |   115 |   179 ||   376
         Tailslap          |     9 |    14 |    29 ||    52
         Punch             |     2 |     3 |     6 ||    11
Ability: Breathe Acid      |       |       |    27 ||    27
  Evoke: Wand              |       |     4 |     1 ||     5
    Use: Potion            |     1 |       |     8 ||     9
         Scroll            |       |       |    15 ||    15
   Stab: Sleeping          |     3 |       |     2 ||     5
 Armour: Skin              |    18 |    23 |    47 ||    88
  Dodge: Dodged            |    36 |    66 |   107 ||   209

Table legend: (Time is in decaauts)
 A = Elapsed time spent in this place.
 B = Non-inter-level travel time spent in this place.
 C = Inter-level travel time spent in this place.
 D = Time resting spent in this place.
 E = Time spent auto-exploring this place.
 F = Levels seen in this place.
 G = Mean time per level.
                   A        B        C        D        E       F      G
               +--------+--------+--------+--------+--------+-----+--------+
         Total |   6889 |   6722 |    167 |    885 |   4320 |   9 |  765.4 |
       Dungeon |   6148 |   5981 |    167 |    760 |   3987 |   7 |  878.3 |
         Sewer |    458 |    458 |      0 |      0 |    312 |   1 |  458.0 |
        Bailey |    283 |    283 |      0 |    125 |     21 |   1 |  283.0 |
               +--------+--------+--------+--------+--------+-----+--------+

Top non-repeatable levels by time:
     D:5: 1367 daAuts
     D:3: 1047 daAuts
     D:6: 969 daAuts
     D:2: 941 daAuts
     D:4: 936 daAuts
     D:1: 792 daAuts
   Sewer: 458 daAuts
  Bailey: 283 daAuts
     D:7: 94 daAuts
